 Dungeon Crawl Stone Soup version 0.24.0-1-gfbc8707122 (webtiles) character file.

Game seed: 14470439401891118034, levelgen mode: deterministic

320 theswoord the Slasher (level 6, -2/47 HPs)
             Began as a Demonspawn Fighter on Oct 28, 2019.
             Blown up by an orc priest (28 damage)
             ... with a disintegration bolt
             ... on level 4 of the Dungeon.
             The game lasted 00:04:10 (3200 turns).

theswoord the Slasher (Demonspawn Fighter)          Turns: 3200, Time: 00:04:10

Health: -2/47      AC: 14    Str: 17    XL:     6   Next: 22%
Magic:  6/6        EV:  5    Int:  9    God:
Gold:   284        SH:  0    Dex: 14    Spells: 5/5 levels left

rFire    . . .     SeeInvis .   a - +1 long sword
rCold    + . .     Gourm    .   (no shield)
rNeg     . . .     Faith    .   p - +0 plate armour
rPois    .         Spirit   .   (no helmet)
rElec    .         Reflect  .   n - +0 cloak
rCorr    .         Harm     .   (no gloves)
MR       .....                  (no boots)
Stlth    ..........             (no amulet)
HPRegen  0.15/turn              l - ring of protection from cold
MPRegen  0.10/turn              (no ring)

@: no status effects
A: molten scales 1, spiny 1
a: no special abilities


You were on level 4 of the Dungeon.
You were not hungry.

You visited 1 branch of the dungeon, and saw 4 of its levels.

You collected 284 gold pieces.

Inventory:

Hand Weapons
 a - a +1 long sword (weapon)
Armour
 b - a +0 scale mail
 c - a +0 shield
 n - a +0 cloak (worn)
 p - a +0 plate armour (worn)
Jewellery
 l - a ring of protection from cold (left hand)
Scrolls
 h - 3 scrolls of identify
 m - a scroll of enchant armour {unknown}
 q - a scroll of blinking
 r - a scroll of magic mapping {unknown}
 s - a scroll of remove curse {unknown}
Potions
 d - 2 potions of might
 e - 10 potions of curing
 i - a potion of cancellation {unknown}
 j - a potion of lignification {unknown}
 k - a potion of flight {unknown}
 o - a potion of ambrosia {unknown}
 t - 2 potions of mutation {unknown}
Comestibles
 f - 6 rations
 u - a chunk of flesh


   Skills:
 - Level 3.0 Fighting
 + Level 6.1 Long Blades
 - Level 2.6 Armour
 - Level 2.6 Shields


You had 5 spell levels left.
You didn't know any spells.
Your spell library contained the following spells:

 Spells                   Type           Power        Failure   Level  Hunger
 Magic Dart               Conj           #...         100%        1    ##.....
 Blink                    Tloc           N/A          100%        2    ###....
 Call Imp                 Summ           #.......     100%        2    ###....
 Slow                     Hex            #.......     100%        2    ###....
 Conjure Flame            Conj/Fire      #.......     100%        3    ####...
 Mephitic Cloud           Conj/Pois/Air  #.......     100%        3    ####...


Dungeon Overview and Level Annotations

Branches:
Dungeon (4/15)
 Temple: D:4-7

Altars:
Fedhas
Gozag
Kikubaaqudgha


Innate Abilities, Weirdness & Mutations

You are partially covered in molten scales. (AC +2)
You are partially covered in sharp spines.


Message History

The orc priest zaps a wand.
You are blasted!
* * * LOW HITPOINT WARNING * * *
You hit the orc priest.
The orc priest is almost dead.
The orc priest zaps a wand.
You are blasted!
* * * LOW HITPOINT WARNING * * *
The orc wizard points at you and mumbles some strange words.
The magic dart hits you but does no damage.
You feel much better.
The orc priest invokes the aid of Beogh against you.
Beogh smites you! The orc wizard barely misses you.
You riposte.
You slash the orc wizard!
You kill the orc wizard!
Your Long Blades skill increases to level 6!
Okay, then.
Your plate armour prevents you from hitting the orc priest.
The orc priest is almost dead.
The orc priest zaps a wand.
You are blasted!
Ouch! That really hurt!
You die...

#.# #..# #.# #..# #..#
#.## ### #.# ... #.# #o#
# #o# .# .##.###
#.####@##.# ....... .....
#..)รท.)...# # ###....
#)..############.####.#
#.###
#.............##......##
#
##...#######.............
.............####..##.###
#...###.##### #..# #
#>..# #.# #..# #...###.#
#..#


You could see an orc priest and an orc.

Vanquished Creatures
  A hound (D:4)
  3 orc wizards (D:4)
  An iguana (D:4)
  A worker ant (D:4)
  A gnoll (D:1)
  7 adders
  2 worms (D:2)
  2 dart slugs (D:1)
  8 orcs
  A ball python (D:1)
  3 giant cockroaches
  7 goblins
  5 hobgoblins
  4 jackals (D:3)
  3 quokkas
  5 bats
  7 frilled lizards
  6 kobolds
  8 rats
75 creatures vanquished.

Notes
Turn   | Place    | Note
-------+----------+-------------------------------------------
     0 | D:1      | theswoord the Demonspawn Fighter began the quest for the
                  | Orb.
     0 | D:1      | Reached XP level 1. HP: 18/18 MP: 1/1
    93 | D:1      | Reached skill level 2 in Long Blades
   181 | D:1      | Gained mutation: You are partially covered in sharp spines.
                  | [demonic ancestry]
   181 | D:1      | Reached XP level 2. HP: 13/24 MP: 2/2
   575 | D:1      | Reached skill level 3 in Long Blades
   999 | D:2      | Reached XP level 3. HP: 29/29 MP: 3/3
  1024 | D:2      | Found an opulent altar of Gozag.
  1359 | D:2      | Reached XP level 4. HP: 29/35 MP: 4/4
  1368 | D:2      | Reached skill level 4 in Long Blades
  1690 | D:2      | Found a faded altar of an unknown god.
  1819 | D:2      | Found a blossoming altar of Fedhas.
  1821 | D:2      | Found an ancient bone altar of Kikubaaqudgha.
  2425 | D:3      | Reached XP level 5. HP: 41/41 MP: 5/5
  2524 | D:4      | Reached skill level 5 in Long Blades
  3062 | D:4      | Gained mutation: You are partially covered in molten
                  | scales. (AC +2) [demonic ancestry]
  3062 | D:4      | Reached XP level 6. HP: 47/47 MP: 6/6
  3199 | D:4      | Reached skill level 6 in Long Blades
  3200 | D:4      | Blown up by an orc priest

Skill      XL: |  1  2  3  4  5  6 |
---------------+-------------------+-----
Long Blades    | 2 3 4 5 6 |  6.1
Fighting       | |  3.0
Armour         | |  2.6
Shields        | |  2.6

Action                   |  1- 3 |  4- 6 || total
-------------------------+-------+-------++-------
Melee: Long sword        |    54 |   120 ||   174
  Use: Scroll            |     1 |     5 ||     6
       Potion            |     1 |     1 ||     2
  Eat: Chunk             |     1 |     6 ||     7
Armor: Scale mail        |    22 |    15 ||    37
       Plate armour      |       |    56 ||    56
Dodge: Dodged            |    41 |    35 ||    76
       Rpst.: Long sword |    15 |    14 ||    29

Levels and vault maps discovered:
D:1:      ncdulo_smallfort, layout_loops_corners
D:2:      layout_basic, grunt_temple_overflow_growth_and_decay,
          nicolae_gozag_seed_capital, chequers_ecumenical_altar_simple
D:3:      layout_loops_cross, kennysheep_nondescript
D:4:      layout_loops_ring, first_ration, grunt_decor_clamped
